Workbook

Sheet Plano de Contas
A1: Categorias | B1: Dia | C1: Mês | D1: Pagou?
A2: (+) Venda de Produtos | B2: 1 | C2: Janeiro | D2: Sim
A3: (+) Prestação de Serviço | B3: 2 | C3: Fevereiro | D3: Não
A4: (+) Consultoria | B4: 3 | C4: Março
A5: Imposto Simples | B5: 4 | C5: Abril
A6: IPTU | B6: 5 | C6: Maio
A7: ISS | B7: 6 | C7: Junho
A8: DARF | B8: 7 | C8: Julho
A9: Taxas | B9: 8 | C9: Agosto
A10: IRRF | B10: 9 | C10: Setembro
A11: INSS | B11: 10 | C11: Outubro
A12: FGTS | B12: 11 | C12: Novembro
A13: Férias | B13: 12 | C13: Dezembro
A14: Plano de Saúde | B14: 13
A15: Exames | B15: 14
A16: Almoço/Vale Alimentação | B16: 15
A17: Salário | B17: 16
A18: Estágio | B18: 17
A19: Rescisão | B19: 18
A20: Comissões | B20: 19
A21: Pro-labore | B21: 20
A22: Serviços terceiros | B22: 21
A23: Transporte | B23: 22
A24: Décimo Terceiro | B24: 23
A25: Cursos/Eventos | B25: 24
... A32: Brindes | B32: 31
A33: Correio
A34: Doações
A35: Telefone
A36: Internet
A37: Uniformes
A38: Sistemas de Gestão
A39: Condomínio
A40: Assinaturas mensais
A41: Associações
A42: Monitoramento de Segurança
A43: Energia Elétrica
A44: Contabilidade
... A66: Pagamento Empréstimo

Sheet Controle Diário
A1: Dia | B1: Mês | C1: Categoria | D1: Histórico | E1: Valor SaÍda | F1: Valor Entrada

Sheet Fluxo Caixa
A1: Categoria | B1: Janeiro | C1: Fevereiro | D1: Março | E1: Abril | F1: Maio | G1: Junho | H1: Julho | I1: Agosto | J1: Setembro | K1: Outubro | L1: Novembro | M1: Dezembro
A2: ='Plano de Contas'!A2 -> (+) Venda de Produtos | B2: =SUMIFS('Controle Diário'!$F:$F,'Controle Diário'!$B:$B, B$1, 'Controle Diário'!$C:$C, $A2) -> 0 | C2: =SUMIFS('Controle Diário'!$F:$F,'Controle Diário'!$B:$B, C$1, 'Controle Diário'!$C:$C, $A2) -> 0 | D2: =SUMIFS('Controle Diário'!$F:$F,'Controle Diário'!$B:$B, D$1, 'Controle Diário'!$C:$C, $A2) -> 0 | E2: =SUMIFS('Controle Diário'!$F:$F,'Controle Diário'!$B:$B, E$1, 'Controle Diário'!$C:$C, $A2) -> 0 | F2: =SUMIFS('Controle Diário'!$F:$F,'Controle Diário'!$B:$B, F$1, 'Controle Diário'!$C:$C, $A2) -> 0 | G2: =SUMIFS('Controle Diário'!$F:$F,'Controle Diário'!$B:$B, G$1, 'Controle Diário'!$C:$C, $A2) -> 0 | H2: =SUMIFS('Controle Diário'!$F:$F,'Controle Diário'!$B:$B, H$1, 'Controle Diário'!$C:$C, $A2) -> 0 | I2: =SUMIFS('Controle Diário'!$F:$F,'Controle Diário'!$B:$B, I$1, 'Controle Diário'!$C:$C, $A2) -> 0 | ... M2: =SUMIFS('Controle Diário'!$F:$F,'Controle Diário'!$B:$B, M$1, 'Controle Diário'!$C:$C, $A2) -> 0
A3: ='Plano de Contas'!A3 -> (+) Prestação de Serviço | B3: =SUMIFS('Controle Diário'!$F:$F,'Controle Diário'!$B:$B, B$1, 'Controle Diário'!$C:$C, $A3) -> 0 | C3: =SUMIFS('Controle Diário'!$F:$F,'Controle Diário'!$B:$B, C$1, 'Controle Diário'!$C:$C, $A3) -> 0 | D3: =SUMIFS('Controle Diário'!$F:$F,'Controle Diário'!$B:$B, D$1, 'Controle Diário'!$C:$C, $A3) -> 0 | E3: =SUMIFS('Controle Diário'!$F:$F,'Controle Diário'!$B:$B, E$1, 'Controle Diário'!$C:$C, $A3) -> 0 | F3: =SUMIFS('Controle Diário'!$F:$F,'Controle Diário'!$B:$B, F$1, 'Controle Diário'!$C:$C, $A3) -> 0 | G3: =SUMIFS('Controle Diário'!$F:$F,'Controle Diário'!$B:$B, G$1, 'Controle Diário'!$C:$C, $A3) -> 0 | H3: =SUMIFS('Controle Diário'!$F:$F,'Controle Diário'!$B:$B, H$1, 'Controle Diário'!$C:$C, $A3) -> 0 | I3: =SUMIFS('Controle Diário'!$F:$F,'Controle Diário'!$B:$B, I$1, 'Controle Diário'!$C:$C, $A3) -> 0 | ... M3: =SUMIFS('Controle Diário'!$F:$F,'Controle Diário'!$B:$B, M$1, 'Controle Diário'!$C:$C, $A3) -> 0
A4: ='Plano de Contas'!A4 -> (+) Consultoria | B4: =SUMIFS('Controle Diário'!$F:$F,'Controle Diário'!$B:$B, B$1, 'Controle Diário'!$C:$C, $A4) -> 0 | C4: =SUMIFS('Controle Diário'!$F:$F,'Controle Diário'!$B:$B, C$1, 'Controle Diário'!$C:$C, $A4) -> 0 | D4: =SUMIFS('Controle Diário'!$F:$F,'Controle Diário'!$B:$B, D$1, 'Controle Diário'!$C:$C, $A4) -> 0 | E4: =SUMIFS('Controle Diário'!$F:$F,'Controle Diário'!$B:$B, E$1, 'Controle Diário'!$C:$C, $A4) -> 0 | F4: =SUMIFS('Controle Diário'!$F:$F,'Controle Diário'!$B:$B, F$1, 'Controle Diário'!$C:$C, $A4) -> 0 | G4: =SUMIFS('Controle Diário'!$F:$F,'Controle Diário'!$B:$B, G$1, 'Controle Diário'!$C:$C, $A4) -> 0 | H4: =SUMIFS('Controle Diário'!$F:$F,'Controle Diário'!$B:$B, H$1, 'Controle Diário'!$C:$C, $A4) -> 0 | I4: =SUMIFS('Controle Diário'!$F:$F,'Controle Diário'!$B:$B, I$1, 'Controle Diário'!$C:$C, $A4) -> 0 | ... M4: =SUMIFS('Controle Diário'!$F:$F,'Controle Diário'!$B:$B, M$1, 'Controle Diário'!$C:$C, $A4) -> 0
A6: ='Plano de Contas'!A5 -> Imposto Simples | B6: =SUMIFS('Controle Diário'!$E:$E,'Controle Diário'!$B:$B, B$1, 'Controle Diário'!$C:$C, $A6) -> 0 | C6: =SUMIFS('Controle Diário'!$E:$E,'Controle Diário'!$B:$B, C$1, 'Controle Diário'!$C:$C, $A6) -> 0 | D6: =SUMIFS('Controle Diário'!$E:$E,'Controle Diário'!$B:$B, D$1, 'Controle Diário'!$C:$C, $A6) -> 0 | E6: =SUMIFS('Controle Diário'!$E:$E,'Controle Diário'!$B:$B, E$1, 'Controle Diário'!$C:$C, $A6) -> 0 | F6: =SUMIFS('Controle Diário'!$E:$E,'Controle Diário'!$B:$B, F$1, 'Controle Diário'!$C:$C, $A6) -> 0 | G6: =SUMIFS('Controle Diário'!$E:$E,'Controle Diário'!$B:$B, G$1, 'Controle Diário'!$C:$C, $A6) -> 0 | H6: =SUMIFS('Controle Diário'!$E:$E,'Controle Diário'!$B:$B, H$1, 'Controle Diário'!$C:$C, $A6) -> 0 | I6: =SUMIFS('Controle Diário'!$E:$E,'Controle Diário'!$B:$B, I$1, 'Controle Diário'!$C:$C, $A6) -> 0 | ... M6: =SUMIFS('Controle Diário'!$E:$E,'Controle Diário'!$B:$B, M$1, 'Controle Diário'!$C:$C, $A6) -> 0
A7: ='Plano de Contas'!A6 -> IPTU | B7: =SUMIFS('Controle Diário'!$E:$E,'Controle Diário'!$B:$B, B$1, 'Controle Diário'!$C:$C, $A7) -> 0 | C7: =SUMIFS('Controle Diário'!$E:$E,'Controle Diário'!$B:$B, C$1, 'Controle Diário'!$C:$C, $A7) -> 0 | D7: =SUMIFS('Controle Diário'!$E:$E,'Controle Diário'!$B:$B, D$1, 'Controle Diário'!$C:$C, $A7) -> 0 | E7: =SUMIFS('Controle Diário'!$E:$E,'Controle Diário'!$B:$B, E$1, 'Controle Diário'!$C:$C, $A7) -> 0 | F7: =SUMIFS('Controle Diário'!$E:$E,'Controle Diário'!$B:$B, F$1, 'Controle Diário'!$C:$C, $A7) -> 0 | G7: =SUMIFS('Controle Diário'!$E:$E,'Controle Diário'!$B:$B, G$1, 'Controle Diário'!$C:$C, $A7) -> 0 | H7: =SUMIFS('Controle Diário'!$E:$E,'Controle Diário'!$B:$B, H$1, 'Controle Diário'!$C:$C, $A7) -> 0 | I7: =SUMIFS('Controle Diário'!$E:$E,'Controle Diário'!$B:$B, I$1, 'Controle Diário'!$C:$C, $A7) -> 0 | ... M7: =SUMIFS('Controle Diário'!$E:$E,'Controle Diário'!$B:$B, M$1, 'Controle Diário'!$C:$C, $A7) -> 0
A8: ='Plano de Contas'!A7 -> ISS | B8: =SUMIFS('Controle Diário'!$E:$E,'Controle Diário'!$B:$B, B$1, 'Controle Diário'!$C:$C, $A8) -> 0 | C8: =SUMIFS('Controle Diário'!$E:$E,'Controle Diário'!$B:$B, C$1, 'Controle Diário'!$C:$C, $A8) -> 0 | D8: =SUMIFS('Controle Diário'!$E:$E,'Controle Diário'!$B:$B, D$1, 'Controle Diário'!$C:$C, $A8) -> 0 | E8: =SUMIFS('Controle Diário'!$E:$E,'Controle Diário'!$B:$B, E$1, 'Controle Diário'!$C:$C, $A8) -> 0 | F8: =SUMIFS('Controle Diário'!$E:$E,'Controle Diário'!$B:$B, F$1, 'Controle Diário'!$C:$C, $A8) -> 0 | G8: =SUMIFS('Controle Diário'!$E:$E,'Controle Diário'!$B:$B, G$1, 'Controle Diário'!$C:$C, $A8) -> 0 | H8: =SUMIFS('Controle Diário'!$E:$E,'Controle Diário'!$B:$B, H$1, 'Controle Diário'!$C:$C, $A8) -> 0 | I8: =SUMIFS('Controle Diário'!$E:$E,'Controle Diário'!$B:$B, I$1, 'Controle Diário'!$C:$C, $A8) -> 0 | ... M8: =SUMIFS('Controle Diário'!$E:$E,'Controle Diário'!$B:$B, M$1, 'Controle Diário'!$C:$C, $A8) -> 0
A9: ='Plano de Contas'!A8 -> DARF | B9: =SUMIFS('Controle Diário'!$E:$E,'Controle Diário'!$B:$B, B$1, 'Controle Diário'!$C:$C, $A9) -> 0 | C9: =SUMIFS('Controle Diário'!$E:$E,'Controle Diário'!$B:$B, C$1, 'Controle Diário'!$C:$C, $A9) -> 0 | D9: =SUMIFS('Controle Diário'!$E:$E,'Controle Diário'!$B:$B, D$1, 'Controle Diário'!$C:$C, $A9) -> 0 | E9: =SUMIFS('Controle Diário'!$E:$E,'Controle Diário'!$B:$B, E$1, 'Controle Diário'!$C:$C, $A9) -> 0 | F9: =SUMIFS('Controle Diário'!$E:$E,'Controle Diário'!$B:$B, F$1, 'Controle Diário'!$C:$C, $A9) -> 0 | G9: =SUMIFS('Controle Diário'!$E:$E,'Controle Diário'!$B:$B, G$1, 'Controle Diário'!$C:$C, $A9) -> 0 | H9: =SUMIFS('Controle Diário'!$E:$E,'Controle Diário'!$B:$B, H$1, 'Controle Diário'!$C:$C, $A9) -> 0 | I9: =SUMIFS('Controle Diário'!$E:$E,'Controle Diário'!$B:$B, I$1, 'Controle Diário'!$C:$C, $A9) -> 0 | ... M9: =SUMIFS('Controle Diário'!$E:$E,'Controle Diário'!$B:$B, M$1, 'Controle Diário'!$C:$C, $A9) -> 0
A10: ='Plano de Contas'!A9 -> Taxas | B10: =SUMIFS('Controle Diário'!$E:$E,'Controle Diário'!$B:$B, B$1, 'Controle Diário'!$C:$C, $A10) -> 0 | C10: =SUMIFS('Controle Diário'!$E:$E,'Controle Diário'!$B:$B, C$1, 'Controle Diário'!$C:$C, $A10) -> 0 | D10: =SUMIFS('Controle Diário'!$E:$E,'Controle Diário'!$B:$B, D$1, 'Controle Diário'!$C:$C, $A10) -> 0 | E10: =SUMIFS('Controle Diário'!$E:$E,'Controle Diário'!$B:$B, E$1, 'Controle Diário'!$C:$C, $A10) -> 0 | F10: =SUMIFS('Controle Diário'!$E:$E,'Controle Diário'!$B:$B, F$1, 'Controle Diário'!$C:$C, $A10) -> 0 | G10: =SUMIFS('Controle Diário'!$E:$E,'Controle Diário'!$B:$B, G$1, 'Controle Diário'!$C:$C, $A10) -> 0 | H10: =SUMIFS('Controle Diário'!$E:$E,'Controle Diário'!$B:$B, H$1, 'Controle Diário'!$C:$C, $A10) -> 0 | I10: =SUMIFS('Controle Diário'!$E:$E,'Controle Diário'!$B:$B, I$1, 'Controle Diário'!$C:$C, $A10) -> 0 | ... M10: =SUMIFS('Controle Diário'!$E:$E,'Controle Diário'!$B:$B, M$1, 'Controle Diário'!$C:$C, $A10) -> 0
A11: ='Plano de Contas'!A10 -> IRRF | B11: =SUMIFS('Controle Diário'!$E:$E,'Controle Diário'!$B:$B, B$1, 'Controle Diário'!$C:$C, $A11) -> 0 | C11: =SUMIFS('Controle Diário'!$E:$E,'Controle Diário'!$B:$B, C$1, 'Controle Diário'!$C:$C, $A11) -> 0 | D11: =SUMIFS('Controle Diário'!$E:$E,'Controle Diário'!$B:$B, D$1, 'Controle Diário'!$C:$C, $A11) -> 0 | E11: =SUMIFS('Controle Diário'!$E:$E,'Controle Diário'!$B:$B, E$1, 'Controle Diário'!$C:$C, $A11) -> 0 | F11: =SUMIFS('Controle Diário'!$E:$E,'Controle Diário'!$B:$B, F$1, 'Controle Diário'!$C:$C, $A11) -> 0 | G11: =SUMIFS('Controle Diário'!$E:$E,'Controle Diário'!$B:$B, G$1, 'Controle Diário'!$C:$C, $A11) -> 0 | H11: =SUMIFS('Controle Diário'!$E:$E,'Controle Diário'!$B:$B, H$1, 'Controle Diário'!$C:$C, $A11) -> 0 | I11: =SUMIFS('Controle Diário'!$E:$E,'Controle Diário'!$B:$B, I$1, 'Controle Diário'!$C:$C, $A11) -> 0 | ... M11: =SUMIFS('Controle Diário'!$E:$E,'Controle Diário'!$B:$B, M$1, 'Controle Diário'!$C:$C, $A11) -> 0
A12: ='Plano de Contas'!A11 -> INSS | B12: =SUMIFS('Controle Diário'!$E:$E,'Controle Diário'!$B:$B, B$1, 'Controle Diário'!$C:$C, $A12) -> 0 | C12: =SUMIFS('Controle Diário'!$E:$E,'Controle Diário'!$B:$B, C$1, 'Controle Diário'!$C:$C, $A12) -> 0 | D12: =SUMIFS('Controle Diário'!$E:$E,'Controle Diário'!$B:$B, D$1, 'Controle Diário'!$C:$C, $A12) -> 0 | E12: =SUMIFS('Controle Diário'!$E:$E,'Controle Diário'!$B:$B, E$1, 'Controle Diário'!$C:$C, $A12) -> 0 | F12: =SUMIFS('Controle Diário'!$E:$E,'Controle Diário'!$B:$B, F$1, 'Controle Diário'!$C:$C, $A12) -> 0 | G12: =SUMIFS('Controle Diário'!$E:$E,'Controle Diário'!$B:$B, G$1, 'Controle Diário'!$C:$C, $A12) -> 0 | H12: =SUMIFS('Controle Diário'!$E:$E,'Controle Diário'!$B:$B, H$1, 'Controle Diário'!$C:$C, $A12) -> 0 | I12: =SUMIFS('Controle Diário'!$E:$E,'Controle Diário'!$B:$B, I$1, 'Controle Diário'!$C:$C, $A12) -> 0 | ... M12: =SUMIFS('Controle Diário'!$E:$E,'Controle Diário'!$B:$B, M$1, 'Controle Diário'!$C:$C, $A12) -> 0
A13: ='Plano de Contas'!A12 -> FGTS | B13: =SUMIFS('Controle Diário'!$E:$E,'Controle Diário'!$B:$B, B$1, 'Controle Diário'!$C:$C, $A13) -> 0 | C13: =SUMIFS('Controle Diário'!$E:$E,'Controle Diário'!$B:$B, C$1, 'Controle Diário'!$C:$C, $A13) -> 0 | D13: =SUMIFS('Controle Diário'!$E:$E,'Controle Diário'!$B:$B, D$1, 'Controle Diário'!$C:$C, $A13) -> 0 | E13: =SUMIFS('Controle Diário'!$E:$E,'Controle Diário'!$B:$B, E$1, 'Controle Diário'!$C:$C, $A13) -> 0 | F13: =SUMIFS('Controle Diário'!$E:$E,'Controle Diário'!$B:$B, F$1, 'Controle Diário'!$C:$C, $A13) -> 0 | G13: =SUMIFS('Controle Diário'!$E:$E,'Controle Diário'!$B:$B, G$1, 'Controle Diário'!$C:$C, $A13) -> 0 | H13: =SUMIFS('Controle Diário'!$E:$E,'Controle Diário'!$B:$B, H$1, 'Controle Diário'!$C:$C, $A13) -> 0 | I13: =SUMIFS('Controle Diário'!$E:$E,'Controle Diário'!$B:$B, I$1, 'Controle Diário'!$C:$C, $A13) -> 0 | ... M13: =SUMIFS('Controle Diário'!$E:$E,'Controle Diário'!$B:$B, M$1, 'Controle Diário'!$C:$C, $A13) -> 0
A14: ='Plano de Contas'!A13 -> Férias | B14: =SUMIFS('Controle Diário'!$E:$E,'Controle Diário'!$B:$B, B$1, 'Controle Diário'!$C:$C, $A14) -> 0 | C14: =SUMIFS('Controle Diário'!$E:$E,'Controle Diário'!$B:$B, C$1, 'Controle Diário'!$C:$C, $A14) -> 0 | D14: =SUMIFS('Controle Diário'!$E:$E,'Controle Diário'!$B:$B, D$1, 'Controle Diário'!$C:$C, $A14) -> 0 | E14: =SUMIFS('Controle Diário'!$E:$E,'Controle Diário'!$B:$B, E$1, 'Controle Diário'!$C:$C, $A14) -> 0 | F14: =SUMIFS('Controle Diário'!$E:$E,'Controle Diário'!$B:$B, F$1, 'Controle Diário'!$C:$C, $A14) -> 0 | G14: =SUMIFS('Controle Diário'!$E:$E,'Controle Diário'!$B:$B, G$1, 'Controle Diário'!$C:$C, $A14) -> 0 | H14: =SUMIFS('Controle Diário'!$E:$E,'Controle Diário'!$B:$B, H$1, 'Controle Diário'!$C:$C, $A14) -> 0 | I14: =SUMIFS('Controle Diário'!$E:$E,'Controle Diário'!$B:$B, I$1, 'Controle Diário'!$C:$C, $A14) -> 0 | ... M14: =SUMIFS('Controle Diário'!$E:$E,'Controle Diário'!$B:$B, M$1, 'Controle Diário'!$C:$C, $A14) -> 0
A15: ='Plano de Contas'!A14 -> Plano de Saúde | B15: =SUMIFS('Controle Diário'!$E:$E,'Controle Diário'!$B:$B, B$1, 'Controle Diário'!$C:$C, $A15) -> 0 | C15: =SUMIFS('Controle Diário'!$E:$E,'Controle Diário'!$B:$B, C$1, 'Controle Diário'!$C:$C, $A15) -> 0 | D15: =SUMIFS('Controle Diário'!$E:$E,'Controle Diário'!$B:$B, D$1, 'Controle Diário'!$C:$C, $A15) -> 0 | E15: =SUMIFS('Controle Diário'!$E:$E,'Controle Diário'!$B:$B, E$1, 'Controle Diário'!$C:$C, $A15) -> 0 | F15: =SUMIFS('Controle Diário'!$E:$E,'Controle Diário'!$B:$B, F$1, 'Controle Diário'!$C:$C, $A15) -> 0 | G15: =SUMIFS('Controle Diário'!$E:$E,'Controle Diário'!$B:$B, G$1, 'Controle Diário'!$C:$C, $A15) -> 0 | H15: =SUMIFS('Controle Diário'!$E:$E,'Controle Diário'!$B:$B, H$1, 'Controle Diário'!$C:$C, $A15) -> 0 | I15: =SUMIFS('Controle Diário'!$E:$E,'Controle Diário'!$B:$B, I$1, 'Controle Diário'!$C:$C, $A15) -> 0 | ... M15: =SUMIFS('Controle Diário'!$E:$E,'Controle Diário'!$B:$B, M$1, 'Controle Diário'!$C:$C, $A15) -> 0
A16: ='Plano de Contas'!A15 -> Exames | B16: =SUMIFS('Controle Diário'!$E:$E,'Controle Diário'!$B:$B, B$1, 'Controle Diário'!$C:$C, $A16) -> 0 | C16: =SUMIFS('Controle Diário'!$E:$E,'Controle Diário'!$B:$B, C$1, 'Controle Diário'!$C:$C, $A16) -> 0 | D16: =SUMIFS('Controle Diário'!$E:$E,'Controle Diário'!$B:$B, D$1, 'Controle Diário'!$C:$C, $A16) -> 0 | E16: =SUMIFS('Controle Diário'!$E:$E,'Controle Diário'!$B:$B, E$1, 'Controle Diário'!$C:$C, $A16) -> 0 | F16: =SUMIFS('Controle Diário'!$E:$E,'Controle Diário'!$B:$B, F$1, 'Controle Diário'!$C:$C, $A16) -> 0 | G16: =SUMIFS('Controle Diário'!$E:$E,'Controle Diário'!$B:$B, G$1, 'Controle Diário'!$C:$C, $A16) -> 0 | H16: =SUMIFS('Controle Diário'!$E:$E,'Controle Diário'!$B:$B, H$1, 'Controle Diário'!$C:$C, $A16) -> 0 | I16: =SUMIFS('Controle Diário'!$E:$E,'Controle Diário'!$B:$B, I$1, 'Controle Diário'!$C:$C, $A16) -> 0 | ... M16: =SUMIFS('Controle Diário'!$E:$E,'Controle Diário'!$B:$B, M$1, 'Controle Diário'!$C:$C, $A16) -> 0
A17: ='Plano de Contas'!A16 -> Almoço/Vale Alimentação | B17: =SUMIFS('Controle Diário'!$E:$E,'Controle Diário'!$B:$B, B$1, 'Controle Diário'!$C:$C, $A17) -> 0 | C17: =SUMIFS('Controle Diário'!$E:$E,'Controle Diário'!$B:$B, C$1, 'Controle Diário'!$C:$C, $A17) -> 0 | D17: =SUMIFS('Controle Diário'!$E:$E,'Controle Diário'!$B:$B, D$1, 'Controle Diário'!$C:$C, $A17) -> 0 | E17: =SUMIFS('Controle Diário'!$E:$E,'Controle Diário'!$B:$B, E$1, 'Controle Diário'!$C:$C, $A17) -> 0 | F17: =SUMIFS('Controle Diário'!$E:$E,'Controle Diário'!$B:$B, F$1, 'Controle Diário'!$C:$C, $A17) -> 0 | G17: =SUMIFS('Controle Diário'!$E:$E,'Controle Diário'!$B:$B, G$1, 'Controle Diário'!$C:$C, $A17) -> 0 | H17: =SUMIFS('Controle Diário'!$E:$E,'Controle Diário'!$B:$B, H$1, 'Controle Diário'!$C:$C, $A17) -> 0 | I17: =SUMIFS('Controle Diário'!$E:$E,'Controle Diário'!$B:$B, I$1, 'Controle Diário'!$C:$C, $A17) -> 0 | ... M17: =SUMIFS('Controle Diário'!$E:$E,'Controle Diário'!$B:$B, M$1, 'Controle Diário'!$C:$C, $A17) -> 0
... A67: ='Plano de Contas'!A66 -> Pagamento Empréstimo | B67: =SUMIFS('Controle Diário'!$E:$E,'Controle Diário'!$B:$B, B$1, 'Controle Diário'!$C:$C, $A67) -> 0 | C67: =SUMIFS('Controle Diário'!$E:$E,'Controle Diário'!$B:$B, C$1, 'Controle Diário'!$C:$C, $A67) -> 0 | D67: =SUMIFS('Controle Diário'!$E:$E,'Controle Diário'!$B:$B, D$1, 'Controle Diário'!$C:$C, $A67) -> 0 | E67: =SUMIFS('Controle Diário'!$E:$E,'Controle Diário'!$B:$B, E$1, 'Controle Diário'!$C:$C, $A67) -> 0 | F67: =SUMIFS('Controle Diário'!$E:$E,'Controle Diário'!$B:$B, F$1, 'Controle Diário'!$C:$C, $A67) -> 0 | G67: =SUMIFS('Controle Diário'!$E:$E,'Controle Diário'!$B:$B, G$1, 'Controle Diário'!$C:$C, $A67) -> 0 | H67: =SUMIFS('Controle Diário'!$E:$E,'Controle Diário'!$B:$B, H$1, 'Controle Diário'!$C:$C, $A67) -> 0 | I67: =SUMIFS('Controle Diário'!$E:$E,'Controle Diário'!$B:$B, I$1, 'Controle Diário'!$C:$C, $A67) -> 0 | ... M67: =SUMIFS('Controle Diário'!$E:$E,'Controle Diário'!$B:$B, M$1, 'Controle Diário'!$C:$C, $A67) -> 0
A69: TOTAL ENTRADA | B69: =SUM(B2:B4) -> 0 | C69: =SUM(C2:C4) -> 0 | D69: =SUM(D2:D4) -> 0 | E69: =SUM(E2:E4) -> 0 | F69: =SUM(F2:F4) -> 0 | G69: =SUM(G2:G4) -> 0 | H69: =SUM(H2:H4) -> 0 | I69: =SUM(I2:I4) -> 0 | ... M69: =SUM(M2:M4) -> 0
A70: TOTAL SAIDA | B70: =SUM(B6:B67) -> 0 | C70: =SUM(C6:C67) -> 0 | D70: =SUM(D6:D67) -> 0 | E70: =SUM(E6:E67) -> 0 | F70: =SUM(F6:F67) -> 0 | G70: =SUM(G6:G67) -> 0 | H70: =SUM(H6:H67) -> 0 | I70: =SUM(I6:I67) -> 0 | ... M70: =SUM(M6:M67) -> 0
A71: LUCRO | B71: =B69-B70 -> 0 | C71: =C69-C70 -> 0 | D71: =D69-D70 -> 0 | E71: =E69-E70 -> 0 | F71: =F69-F70 -> 0 | G71: =G69-G70 -> 0 | H71: =H69-H70 -> 0 | I71: =I69-I70 -> 0 | ... M71: =M69-M70 -> 0

Sheet Contas Reber
A1: Data Venda | B1: Cliente | C1: Valor | D1: Data Vencimento | E1: Pago?

Sheet Contas Pagar
A1: Data Compra | B1: Fornecedor | C1: Valor | D1: Data Vencimento | E1: Pago?
